 Dungeon Crawl Stone Soup version 0.29-a0-998-g1987434951 (webtiles) character file.

Game seed: 4899865817530418923

1715 gelatine the Covered (level 8, -20/62 HPs)
             Began as a Demonspawn Fighter on Aug 5, 2022.
             Demolished by a two-headed ogre
             ... wielding a +0 giant spiked club
              (28 damage)
             ... on level 6 of the Dungeon.
             The game lasted 00:10:53 (6030 turns).

gelatine the Covered (Demonspawn Fighter)           Turns: 6030, Time: 00:10:54

Health: -20/62     AC: 11    Str: 18    XL:     8   Next: 74%
Magic:  8/8        EV:  7    Int:  9    God:
Gold:   307        SH:  5    Dex: 14    Spells: 7/7 levels left

rFire   + . .      SeeInvis .   z - +2 long sword "Yttos" {drain, rF+ rC+ rN+}
rCold   + . .      Faith    .   c - +0 buckler
rNeg    + + .      Spirit   .   x - +0 chain mail
rPois   .          Reflect  .   f - +0 helmet
rElec   .          Harm     .   (no cloak)
rCorr   .          Rampage  .   (no gloves)
Will    .....                   (no boots)
Stlth   ..........              E - amulet of magic regeneration
HPRegen 0.20/turn               o - ring of positive energy
MPRegen 0.51/turn               (no ring)

@: no status effects
A: claws 2, spiny 1
a: no special abilities


You were on level 6 of the Dungeon.
You visited 2 branches of the dungeon, and saw 7 of its levels.

You collected 307 gold pieces.

Inventory:

Hand Weapons
 a - a +0 war axe
 z - the +2 long sword "Yttos" (weapon) {drain, rF+ rC+ rN+}
   (You found it on level 3 of the Dungeon)

   A truly terrible weapon, it drains the life of any living foe it strikes.
   rF:        It protects you from fire.
   rC:        It protects you from cold.
   rN:        It protects you from negative energy.
 F - a +1 battleaxe
Missiles
 y - a poisoned dart (quivered)
Armour
 b - a +0 scale mail
 c - a +0 buckler (worn)
 f - a +0 helmet (worn)
 w - a +0 plate armour
 x - a +0 chain mail (worn)
Jewellery
 o - a ring of positive energy (left claw)
 E - an amulet of magic regeneration (around neck)
Wands
 D - a wand of mindburst (8)
Scrolls
 h - a scroll of fear {unknown}
 i - 6 scrolls of identify {unknown}
 j - a scroll of immolation {unknown}
 k - 2 scrolls of fog {unknown}
 m - 2 scrolls of enchant armour {unknown}
 n - 2 scrolls of enchant weapon {unknown}
 r - 2 scrolls of magic mapping {unknown}
 s - 2 scrolls of poison {unknown}
 u - 4 scrolls of teleportation {unknown}
 C - a scroll of amnesia {unknown}
Potions
 d - 2 potions of might
 e - a potion of resistance {unknown}
 g - 2 potions of invisibility {unknown}
 l - a potion of magic {unknown}
 p - 4 potions of curing {unknown}
 q - 5 potions of berserk rage {unknown}
 t - 2 potions of heal wounds {unknown}
 v - 2 potions of lignification {unknown}
 A - 4 potions of degeneration {unknown}
 B - a potion of brilliance {unknown}


   Skills:
 + Level 5.0 Fighting
 + Level 4.2 Long Blades
 + Level 4.8 Axes
 + Level 3.1 Throwing
 + Level 5.5 Armour
 + Level 1.8 Dodging
 + Level 1.2 Stealth
 + Level 3.9 Shields


You had 7 spell levels left.
You didn't know any spells.
Your spell library contained the following spells:

 Spells                   Type           Power      Damage    Failure   Level
 Frozen Ramparts          Ice            0%         1d8       100%        3
 Ozocubu's Armour         Ice            0%         N/A       100%        3
 Ice Form                 Ice/Tmut       0%         N/A       100%        4
 Summon Ice Beast         Ice/Summ       0%         N/A       100%        4
 Metabolic Englaciation   Hex/Ice        0%         N/A       100%        5
 Simulacrum               Ice/Necr       0%         N/A       100%        6


Dungeon Overview and Level Annotations

Branches:
Dungeon (6/15)             Temple (1/1) D:5

Altars:
Ashenzari
Cheibriados
Dithmenos
Gozag
Hepliaklqana
Kikubaaqudgha
Nemelex Xobeh
Okawaru
Ru
Sif Muna
Trog
Wu Jian
Xom


Innate Abilities, Weirdness & Mutations

You have very sharp fingernails.
You are partially covered in sharp spines.


Message History

You kill the shadow imp!
A two-headed ogre comes into view.
It is wielding a +0 giant spiked club and a +0 dire flail.
You throw a poisoned dart.
The poisoned dart closely misses the two-headed ogre.
The two-headed ogre shouts in stereo!
You throw a poisoned dart.
The poisoned dart hits the two-headed ogre.
The two-headed ogre is poisoned.
A steam dragon comes into view.
You throw a poisoned dart.
The poisoned dart hits the two-headed ogre.
The two-headed ogre looks even sicker.
The two-headed ogre is lightly wounded.
You throw a poisoned dart.
The poisoned dart barely misses the two-headed ogre.
You throw a poisoned dart.
The poisoned dart hits the two-headed ogre.
The two-headed ogre looks even sicker.
The two-headed ogre is lightly wounded.
You throw a poisoned dart.
The poisoned dart hits the two-headed ogre!
The two-headed ogre looks as sick as possible!
The two-headed ogre is lightly wounded.
You hit the two-headed ogre but do no damage.
You drain the two-headed ogre.
The two-headed ogre is lightly wounded.
The two-headed ogre is struck by your spines.
The two-headed ogre hits you with a +0 giant spiked club!!
The two-headed ogre hits you with a +0 dire flail.
You hit the two-headed ogre but do no damage.
The two-headed ogre is moderately wounded.
The two-headed ogre hits you with a +0 giant spiked club!!
* * * LOW HITPOINT WARNING * * *
The two-headed ogre closely misses you.
You slash the two-headed ogre! You drain the two-headed ogre.
The two-headed ogre is heavily wounded.
You hit the two-headed ogre. You drain the two-headed ogre.
The two-headed ogre is severely wounded.
The two-headed ogre hits you with a +0 giant spiked club!!
You die...

## #. #. ######.##
........###################
#.....DO@................
#.##..#####.##.........#
#..#####.##.........##
#..#..................
..D.................#
##....#..............#
#.(..#..............##
...........####......#
(.(........####.......


You could see a two-headed ogre (very poisoned, drained) and a steam dragon.

Vanquished Creatures
  Prince Ribbit (D:6)
  Sigmund (D:4)
  A water moccasin (D:5)
  An orc warrior (D:5)
  A black bear (D:5)
  2 ogres
  A sky beast (D:6)
  A kobold brigand (D:4)
  2 scorpions
  3 wights (D:6)
  A howler monkey (D:6)
  An orc priest (D:5)
  5 hounds
  A jelly (D:4)
  An iguana (D:5)
  Terence (D:2)
  Ijyb (D:4)
  3 gnolls (D:6)
  7 adders
  A shadow imp (D:6)
  An ufetubus (D:6)
  5 dart slugs
  6 orcs
  11 ball pythons
  2 endoplasms (D:1)
  8 hobgoblins
  3 jackals (D:1)
  2 quokkas
  6 bats
  5 frilled lizards
  4 goblins
  7 kobolds
  2 rats
98 creatures vanquished.

Notes
Turn   | Place    | Note
-------+----------+-------------------------------------------
     0 | D:1      | gelatine the Demonspawn Fighter began the quest for the
                  | Orb.
     0 | D:1      | Reached XP level 1. HP: 18/18 MP: 1/1
   137 | D:1      | Gained mutation: You have sharp fingernails. [demonic
                  | ancestry]
   137 | D:1      | Reached XP level 2. HP: 23/24 MP: 2/2
   603 | D:1      | Gained mutation: You are partially covered in sharp spines.
                  | [demonic ancestry]
   603 | D:1      | Reached XP level 3. HP: 28/29 MP: 3/3
  1063 | D:2      | Found a faded altar of an unknown god.
  1228 | D:2      | Noticed Terence
  1236 | D:2      | Killed Terence
  1309 | D:2      | Reached XP level 4. HP: 35/35 MP: 4/4
  2272 | D:3      | Identified the +2 long sword "Yttos" {drain, rF+ rC+ rN+}
  2509 | D:4      | Noticed a kobold brigand
  2519 | D:4      | Killed a kobold brigand
  2520 | D:4      | Reached XP level 5. HP: 18/41 MP: 5/5
  2846 | D:4      | Found a sparkling altar of Nemelex Xobeh.
  3286 | D:4      | Noticed an ogre
  3293 | D:4      | Killed an ogre
  3294 | D:4      | Gained mutation: You have very sharp fingernails. [demonic
                  | ancestry]
  3294 | D:4      | Reached XP level 6. HP: 21/47 MP: 6/6
  3476 | D:4      | Noticed Ijyb
  3491 | D:4      | Killed Ijyb
  3758 | D:4      | Noticed Sigmund
  3770 | D:4      | Killed Sigmund
  3771 | D:4      | Reached skill level 1 in Long Blades
  3771 | D:4      | Reached skill level 1 in Throwing
  3994 | D:5      | Entered Level 5 of the Dungeon
  4003 | D:5      | Reached XP level 7. HP: 47/53 MP: 7/7
  4093 | D:5      | Reached skill level 1 in Stealth
  4177 | D:5      | Reached skill level 1 in Dodging
  4430 | D:5      | Found a snail-covered altar of Cheibriados.
  4451 | D:5      | Found a staircase to the Ecumenical Temple.
  4463 | Temple   | Entered the Ecumenical Temple
  4766 | D:5      | Reached XP level 8. HP: 13/60 MP: 8/8
  5202 | D:6      | Noticed Prince Ribbit
  5218 | D:6      | Killed Prince Ribbit
  5219 | D:6      | Reached skill level 5 in Armour
  5662 | D:6      | Reached skill level 5 in Fighting
  6017 | D:6      | Noticed a two-headed ogre
  6030 | D:6      | Demolished by a two-headed ogre

Illustrated notes

Levels and vault maps discovered:
D:1:      dpeg_arrival_another_circle, layout_basic, glass_columns_b,
          hangedman_abyss_or_decor_lesser_grid, minmay_tripent
D:2:      layout_loops_ring, hellmonk_ecumenical_altar_lost_god, uniq_terence
D:3:      layout_loops_ring, chequers_serial_rivers_room_a
D:4:      layout_gridville, mainiacjoe_overflow_divided_tiny, st_stairs_6,
          uniq_sigmund, uniq_ijyb
D:5:      layout_basic, kennysheep_slug_shrine, minmay_temple_entry_arrows
D:6:      layout_basic, mainiacjoe_overflow_surrounded_room, grunt_ministairs_4,
          uniq_prince_ribbit1
Temple:   hellmonk_temple_forest_ring

Skill      XL: |  1  2  3  4  5  6  7  8 |
---------------+-------------------------+-----
Axes           | 2 3 4 |  4.8
Shields        | 3 |  3.9
Armour         | 3 4 5 |  5.5
Long Blades    | 1 2 4 |  4.2
Throwing       | 1 2 3 |  3.1
Stealth        | 1 |  1.2
Dodging        | 1 |  1.8
Fighting       | 4 5 |  5.0

Action                   |  1- 3 |  4- 6 |  7- 9 || total
-------------------------+-------+-------+-------++-------
Melee: War axe           |    79 |    25 |       ||   104
       Long sword        |       |    43 |   106 ||   149
Throw: Dart              |       |    24 |    25 ||    49
Armor: Scale mail        |    36 |     1 |       ||    37
       Chain mail        |       |    28 |    71 ||    99
Dodge: Dodged            |    40 |    20 |    36 ||    96
Block: Buckler           |    16 |    10 |    24 ||    50

Table legend: (Time is in decaauts)
 A = Elapsed time spent in this place.
 B = Non-inter-level travel time spent in this place.
 C = Inter-level travel time spent in this place.
 D = Time resting spent in this place.
 E = Time spent auto-exploring this place.
 F = Levels seen in this place.
 G = Mean time per level.
                   A        B        C        D        E       F      G
               +--------+--------+--------+--------+--------+-----+--------+
         Total |   6121 |   5910 |    211 |    398 |   4620 |   7 |  874.4 |
       Dungeon |   5980 |   5775 |    205 |    398 |   4496 |   6 |  996.7 |
        Temple |    141 |    135 |      6 |      0 |    124 |   1 |  141.0 |
               +--------+--------+--------+--------+--------+-----+--------+

Top non-repeatable levels by time:
     D:4: 1593 daAuts
     D:5: 1088 daAuts
     D:1: 917 daAuts
     D:3: 879 daAuts
     D:6: 839 daAuts
     D:2: 662 daAuts
  Temple: 141 daAuts
